 Dungeon Crawl Stone Soup version 0.31.0 (webtiles) character file.

Game seed: 17116557372189833308

98 qw the Shooter (level 4, -7/28 HPs)
             Began as a Gargoyle Hunter on Jan 19, 2024.
             Mangled by a gnoll
             ... wielding a +0 halberd
              (9 damage)
             ... on level 3 of the Dungeon.
             The game lasted 00:00:08 (1761 turns).

qw the Shooter (Gargoyle Hunter)                    Turns: 1761, Time: 00:00:08

Health: -7/28      AC:  8    Str: 15    XL:     4   Next: 71%
Magic:  4/4        EV: 11    Int:  9    God:
Gold:   83         SH:  0    Dex: 15    Spells: 3/3 levels left

rFire   . . .        a - +0 shortbow
rCold   . . .        (shield currently unavailable)
rNeg    + . .        e - +0 ring mail
rPois   inf          (no helmet)
rElec   +            (no cloak)
rCorr   +            (no gloves)
SInv    .            (no boots)
Will    .....        (no amulet)
Stlth   +            f - ring of resist corrosion
HPRegen 0.24/turn    (no ring)
MPRegen 0.09/turn

%: no passive effects
@: no status effects
A: sickness immunity, AC +3, negative energy resistance 1, electricity
resistance, torment resistance 1, petrification resistance
a: no special abilities


You were on level 3 of the Dungeon.
You visited 1 branch of the dungeon, and saw 3 of its levels.

You collected 83 gold pieces.


Innate Abilities, Weirdness & Mutations

You are immune to sickness and miasma.
Your stone body is resilient. (AC +3)
You are immune to poison.
You resist negative energy. (rN+)
You are resistant to electric shocks. (rElec)
You are resistant to unholy torment.
You are immune to petrification.


   Skills:
 - Level 3.1 Fighting
 + Level 5.3 Ranged Weapons
 - Level 1.2 Armour
 - Level 1.5 Dodging
 - Level 1.1 Stealth


You had 3 spell levels left.
You didn't know any spells.
Your spell library was empty.

Inventory:

Hand Weapons
 a - a +0 shortbow (weapon)
Armour
 e - a +0 ring mail (worn)
Jewellery
 f - a ring of resist corrosion (left hand)
Potions
 b - a potion of attraction {unknown}
 c - a potion of curing
 d - a potion of magic {unknown}
 g - a potion of resistance {unknown}
 h - a potion of heal wounds {unknown}
 i - a potion of enlightenment {unknown}
 j - a potion of berserk rage {unknown}

Dungeon Overview and Level Annotations

Branches:
Dungeon (3/15)

Altars:


Message History

The gnoll closely misses you. The adder bites you but does no damage.
The giant cockroach closely misses you.
You shoot an arrow.
The arrow hits the giant cockroach but does no damage.
The giant cockroach is moderately wounded.
The adder bites you but does no damage.
The gnoll hits you from afar with a +0 halberd.
The giant cockroach misses you. The adder bites you but does no damage.
You shoot an arrow. The arrow hits the giant cockroach.
You kill the giant cockroach!
The gnoll hits you from afar with a +0 halberd.
The adder closely misses you.
The gnoll hits you from afar with a +0 halberd.
You shoot an arrow. The arrow misses the adder.
The adder bites you. The adder misses you. The gnoll barely misses you.
You shoot an arrow. The arrow misses the adder.
The adder bites you but does no damage. The gnoll closely misses you.
The adder barely misses you.
You shoot an arrow. The arrow barely misses the adder.
The gnoll closely misses you. The adder misses you.
You shoot an arrow. The arrow hits the adder!
The adder is severely wounded.
The adder barely misses you.
The gnoll hits you from afar with a +0 halberd.
The adder barely misses you. The gnoll closely misses you.
You shoot an arrow. The arrow barely misses the adder.
The adder barely misses you.
The gnoll hits you from afar with a +0 halberd.
The adder misses you.
You shoot an arrow. The arrow barely misses the adder.
The adder closely misses you.
The gnoll hits you from afar with a +0 halberd.
You shoot an arrow. The arrow misses the adder.
The adder closely misses you. The gnoll closely misses you.
The adder bites you but does no damage.
You shoot an arrow. The arrow hits the adder.
You kill the adder!
Something unseen opens the door.
The gnoll hits you from afar with a +0 halberd!
You die...

#...<#....# #.###...#.#
#.# #...).# #.# #..####
#' #.###..# ...
#......# .... #####.##
##)....
####...##########%....#
#...............@.g.#
'.##...##########....#
##.......# .#..#
#.##.##.# .# .#
#....##.# .# ..
#.#####.# .. ..
#.#####.# .# #
#.......# <# ##.#######


You could see a gnoll.

Vanquished Creatures
  Jessica (D:2)
  3 adders
  2 dart slugs
  3 ribbon worms
  An orc (D:3)
  8 endoplasms
  4 giant cockroaches
  3 hobgoblins
  2 quokkas
  2 ball pythons
  A bat (D:2)
  4 frilled lizards
  5 goblins
  2 kobolds (D:3)
  4 rats
45 creatures vanquished.

Notes
Turn   | Place    | Note
-------+----------+-------------------------------------------
     0 | D:1      | qw the Gargoyle Hunter began the quest for the Orb.
     0 | D:1      | Reached XP level 1. HP: 12/12 MP: 1/1
     0 | D:1      | 0 ||| qw: Version: 0.3-a-132-g3d54051
     0 | D:1      | 0 ||| qw: Game counter: 228
     0 | D:1      | 0 ||| qw: Melee chars always use a shield: true
     0 | D:1      | 0 ||| qw: God list: Okawaru
     0 | D:1      | 0 ||| qw: Allow faded altars: false
     0 | D:1      | 0 ||| qw: Do Orc after clearing Dungeon:15 true
     0 | D:1      | 0 ||| qw: Do second Lair branch before Depths: true
     0 | D:1      | 0 ||| qw: Lair rune preference: random
     0 | D:1      | 0 ||| qw: Goals: Normal
     0 | D:1      | 0 ||| PLANNING D:1-11
   201 | D:1      | Reached XP level 2. HP: 17/17 MP: 2/2
   765 | D:1      | 765 ||| UPGRADING to +0 ring mail.
   775 | D:1      | 775 ||| DROPPING +0 leather armour.
   776 | D:1      | 776 ||| UPGRADING to ring of resist corrosion.
   777 | D:1      | 777 ||| READING scroll labelled USEQECH TICKAJ.
   778 | D:1      | 778 ||| READING scroll labelled GATEASHRISO.
   779 | D:1      | 779 ||| DROPPING scroll of butterflies.
   848 | D:2      | Reached skill level 1 in Armour
   848 | D:2      | Reached XP level 3. HP: 14/21 MP: 3/3
   856 | D:2      | 856 ||| FLEEEEING.
   996 | D:2      | Reached skill level 5 in Ranged Weapons
   996 | D:2      | 996 ||| FLEEEEING.
  1058 | D:2      | Noticed Jessica
  1066 | D:2      | Killed Jessica
  1067 | D:2      | Reached skill level 3 in Fighting
  1067 | D:2      | Reached XP level 4. HP: 25/28 MP: 4/4
  1067 | D:2      | 1067 ||| FLEEEEING.
  1464 | D:2      | 1464 ||| READING scroll labelled LIFOGO TAONWU.
  1465 | D:2      | 1465 ||| READING scroll labelled VUOSARYFUO.
  1466 | D:2      | 1466 ||| READING scroll labelled MONEUWNEKHO.
  1470 | D:2      | 1470 ||| DRINKING 2 fuming dark potions.
  1619 | D:3      | 1619 ||| FLEEEEING.
  1620 | D:3      | 1620 ||| FLEEEEING.
  1621 | D:3      | 1621 ||| FLEEEEING.
  1622 | D:3      | 1622 ||| FLEEEEING.
  1623 | D:3      | 1623 ||| FLEEEEING.
  1624 | D:3      | 1624 ||| FLEEEEING.
  1759 | D:3      | HP: 2/28 [gnoll/+0 halberd (6)]
  1761 | D:3      | Mangled by a gnoll

Levels and vault maps discovered:
D:1:      dpeg_arrival_yet_another_circle, layout_basic
D:2:      layout_basic, uniq_jessica
D:3:      layout_loops_corners, chequers_temple_overflow_statue_of_worship,
          biasface_ghost_orc_armoury, chequers_arboretum,
          minmay_fractal_squares_diagonal_5

Skill      XL: |  1  2  3 |
---------------+----------+-----
Armour         | 1 |  1.2
Ranged Weapons | 5 |  5.3
Fighting       | 3 |  3.1
Dodging        | |  1.5
Stealth        | |  1.1

Action                     |  1- 3 |  4- 6 || total
---------------------------+-------+-------++-------
   Fire: Shortbow          |   111 |    55 ||   166
    Use: Scroll            |     2 |     3 ||     5
         Potion            |       |     1 ||     1
 Armour: Leather armour    |     6 |       ||     6
         Ring mail         |    31 |    23 ||    54
  Dodge: Dodged            |    25 |    32 ||    57

Table legend:
 A = Non-vault XP
 B = Vault XP
 C = Vault XP percentage of total XP
 D = Non-vault monster count
 E = Vault monster count
 F = Vault count percentage of total count
                 A         B        C        D         E       F
            +---------+---------+-------+---------+---------+-------
      Total |     100 |      54 |  35.1 |      41 |       4 |   8.9
            +---------+---------+-------+---------+---------+-------
        D:1 |      31 |       0 |   0.0 |      21 |       0 |   0.0
        D:2 |      51 |      37 |  42.0 |      13 |       1 |   7.1
        D:3 |      18 |      17 |  48.6 |       7 |       3 |  30.0
            +---------+---------+-------+---------+---------+-------
